 Dungeon Crawl Stone Soup version 0.30.0-5-g1a98f26d00 (webtiles) character file.

Game seed: 4668649017827217798

4930 jasper the Carver (level 10, -1/52 HPs)
             Began as a Spriggan Berserker on May 11, 2023.
             Was a Priest of Trog.
             Succumbed to a hornet's poison
             ... while paralysed by a hornet
             ... on level 8 of the Dungeon.
             The game lasted 00:11:42 (6487 turns).

jasper the Carver (Spriggan Berserker)              Turns: 6487, Time: 00:11:43

Health: -1/52      AC: 10    Str: 21    XL:     10   Next: 27%
Magic:  11/11      EV:  4    Int: 10    God:    Trog [***...]
Gold:   98         SH:  0    Dex: 22    Spells: 9/9 levels left

rFire   + + .        a - +1 falchion
rCold   x . .        k - +0 buckler
rNeg    . . .        n - +1 fire dragon scales
rPois   .            (helmet restricted)
rElec   .            (no cloak)
rCorr   .            (gloves unavailable)
SInv    +            (boots unavailable)
Will    +....        (no amulet) Stlth
                     g - +6 ring of dexterity
HPRegen 0.28/turn    r - +6 ring of strength
MPRegen 0.12/turn

%: no passive effects
@: paralysed, lethally poisoned (-1 -> -21), very quick
A: very small, no large weapons, unfitting armour, see invisible, speed 3
a: Renounce Religion, Berserk, Trog's Hand


You were on level 8 of the Dungeon.
You worshipped Trog.
Trog was most pleased with you.
You visited 1 branch of the dungeon, and saw 8 of its levels.

You collected 433 gold pieces.
You spent 335 gold pieces at shops.

Inventory:

Hand Weapons
 a - a +1 falchion (weapon)
Missiles
 d - 97 stones (quivered)
 m - 11 poisoned darts
 v - 8 boomerangs
 w - 4 throwing nets
Armour
 b - a +0 animal skin
 k - a +0 buckler (worn)
 n - +1 fire dragon scales (worn)
Jewellery
 g - a +6 ring of dexterity (left hand)
 r - a +6 ring of strength (right hand)
 y - a +6 ring of strength
Wands
 f - a wand of digging (5)
 p - a wand of roots (3)
 u - a wand of flame (39)
Scrolls
 h - a scroll of identify
 i - 3 scrolls of enchant armour
 s - a scroll of vulnerability {unknown}
 x - a scroll of poison {unknown}
Potions
 c - a potion of degeneration
 e - 6 potions of curing
 j - 2 potions of haste
 l - 3 potions of might {unknown}
 o - 2 potions of flight {unknown}
 q - 2 potions of attraction {unknown}
 t - 2 potions of heal wounds


   Skills:
 - Level 5.6 Fighting
 + Level 9.8 Long Blades
 - Level 4.1 Armour
 - Level 9.0 Dodging


You had 9 spell levels left.
You didn't know any spells.
Your spell library was empty.

Dungeon Overview and Level Annotations

Branches:
Dungeon (8/15)             Temple (0/1) D:7
   Lair: D:8-11

Altars:
Dithmenos
Gozag
Makhleb
The Shining One

Shops:
D:7 ![!([

Annotations:
D:3 Ijyb, Sigmund
D:6 2 transporters


Innate Abilities, Weirdness & Mutations

You are very small and have problems with some larger weapons.
You are too small for most types of armour.
You have supernaturally acute eyesight. (SInv)
You cover ground extremely quickly. (Speed+++)


Message History

You completely miss the hornet.
The hornet is lightly wounded.
The hornet closely misses you.
The hornet stings you but does no damage.
You slash the hornet!
The hornet is heavily wounded.
The hornet closely misses you.
You slash the hornet!
The hornet is severely wounded.
The hornet stings you but does no damage.
You slash the hornet!
The hornet is almost dead.
The hornet stings you!
You are poisoned.
You suddenly lose the ability to move!
You feel sick. The hornet barely misses you. The hornet stings you.
You are more poisoned.
You feel yourself slow down.
You feel yourself speed up.
You feel very sick. The hornet barely misses you.
You feel very sick. The hornet stings you!
You feel yourself slow down. The hornet barely misses you.
You can move again.
You take 31 damage, and have 21/52 hp.
MASSIVE DAMAGE!!
You miss the hornet.
The hornet is almost dead.
You feel very sick. The hornet misses you. The hornet barely misses you.
You take 3 damage, and have 18/52 hp.
Unknown command.
You hit the hornet.
The hornet is almost dead.
You feel yourself speed up.
You feel sick. The hornet stings you!
* * * LOW HITPOINT WARNING * * *
You are more poisoned.
You suddenly lose the ability to move!
You die...

##.........>. ##..
................ #...
................. ## ...
#..#........)...# ...
..##.. ..........)..
....#....##........))<..
.......#...........)..
#..y................
#@..........#.....
##..........#.>... #..
##..........#...# ##...
###....!..#.#.....
.....# #.........##
.....
......###........>.#
#....#............#
#...#..........#..
#.............# #


You could see a hornet.

Vanquished Creatures
  Pikel (D:5)
  Grinder (D:5)
  Eustachio (D:6)
  Grum (D:8)
  2 steam dragons
  Menkaure (D:6)
  An acid dragon (D:8)
  2 water moccasins
  Duvessa (D:6)
  An orc warrior (D:6)
  A sky beast (D:8)
  3 ice beasts
  2 black bears (D:5)
  An ogre (D:7)
  2 wolves (D:8)
  A phantom (D:6)
  Blork the orc (D:6)
  3 bullfrogs
  2 gnoll sergeants
  A scorpion (D:6)
  3 wights (D:6)
  Dowan (D:6)
  16 killer bees
  6 hounds
  2 jellies (D:6)
  6 orc priests
  2 gnoll boudas
  3 orc wizards
  2 iguanas
  16 gnolls
  8 adders
  2 shadow imps
  2 ufetubi
  3 worms
  2 dart slugs
  18 orcs
  6 endoplasms
  4 giant cockroaches
  5 goblins
  3 hobgoblins
  7 jackals
  5 kobolds
  3 quokkas
  2 ball pythons
  5 frilled lizards
  3 rats
164 creatures vanquished.

Notes
Turn   | Place    | Note
-------+----------+-------------------------------------------
     0 | D:1      | jasper the Spriggan Berserker began the quest for the Orb.
     0 | D:1      | Reached XP level 1. HP: 11/11 MP: 2/2
   226 | D:1      | Reached XP level 2. HP: 16/16 MP: 3/3
   629 | D:1      | Reached ** piety under Trog
   640 | D:1      | Reached XP level 3. HP: 19/19 MP: 4/4
   862 | D:2      | Found a glowing golden altar of the Shining One.
  1030 | D:2      | Reached XP level 4. HP: 18/23 MP: 5/5
  1268 | D:3      | Noticed Sigmund
  1274 | D:3      | Noticed Ijyb
  1571 | D:4      | Reached skill level 5 in Dodging
  1816 | D:5      | Entered Level 5 of the Dungeon
  1935 | D:5      | Noticed a lemure
  1935 | D:5      | Noticed Pikel
  1936 | D:5      | Noticed a lemure
  1937 | D:5      | Noticed a lemure
  1938 | D:5      | Noticed a lemure
  1944 | D:5      | Killed Pikel
  1945 | D:5      | Reached skill level 1 in Armour
  1945 | D:5      | Reached XP level 5. HP: 22/29 MP: 6/6
  1945 | D:5      | Reached XP level 6. HP: 25/33 MP: 7/7
  1945 | D:5      | Reached XP level 7. HP: 28/37 MP: 8/8
  1999 | D:5      | Noticed a steam dragon
  2006 | D:5      | Killed a steam dragon
  2007 | D:5      | Reached skill level 5 in Long Blades
  2193 | D:5      | Noticed Grinder
  2207 | D:5      | Killed Grinder
  2224 | D:5      | Reached XP level 8. HP: 20/42 MP: 9/9
  3499 | D:6      | Noticed Eustachio
  3532 | D:6      | Killed Eustachio
  3540 | D:6      | Reached skill level 5 in Fighting
  3712 | D:6      | Reached XP level 9. HP: 47/47 MP: 10/10
  3889 | D:6      | Noticed a gargoyle
  3891 | D:6      | Found a transporter.
  3892 | D:6      | Found a transporter.
  3908 | D:6      | Noticed an unseen horror
  3926 | D:6      | Found a burning altar of Makhleb.
  3929 | D:6      | Found a glowing golden altar of the Shining One.
  4211 | D:6      | Noticed Dowan
  4211 | D:6      | Noticed Menkaure
  4212 | D:6      | Noticed Duvessa
  4235 | D:6      | Killed Duvessa
  4241 | D:6      | Killed Menkaure
  4252 | D:6      | Killed Dowan
  4287 | D:6      | Noticed Blork the orc
  4297 | D:6      | Killed Blork the orc
  4543 | D:7      | Found Sozea's Armour Boutique.
  4548 | D:7      | Bought a +0 buckler for 58 gold pieces
  4563 | D:7      | Found an opulent altar of Gozag.
  4670 | D:7      | Found Lungia's Antique Weapon Emporium.
  4755 | D:7      | Found Anonumip's Distillery.
  4770 | D:7      | Bought a potion of curing for 30 gold pieces
  5019 | D:7      | Found Vejuirie's Antique Armour Shoppe.
  5093 | D:7      | Found Ydank's Distillery.
  5095 | D:7      | Found a staircase to the Ecumenical Temple.
  5108 | D:7      | Bought a potion of curing for 39 gold pieces
  5108 | D:7      | Bought a potion of heal wounds for 65 gold pieces
  5108 | D:7      | Bought a potion of curing for 39 gold pieces
  5108 | D:7      | Bought a potion of heal wounds for 65 gold pieces
  5108 | D:7      | Bought a potion of curing for 39 gold pieces
  5217 | D:7      | Reached *** piety under Trog
  5695 | D:8      | Reached XP level 10. HP: 44/52 MP: 11/11
  6061 | D:8      | Found a shadowy altar of Dithmenos.
  6232 | D:8      | Noticed Grum
  6246 | D:8      | Killed Grum
  6481 | D:8      | Paralysed by a hornet for 3 turns
  6486 | D:8      | Paralysed by a hornet for 3 turns
  6487 | D:8      | Succumbed to a hornet's poison

Illustrated notes

Levels and vault maps discovered:
D:1:      dpeg_arrival_snail, layout_loops_ring
D:2:      layout_rooms, basic_altar
D:3:      layout_rooms, uniq_sigmund, uniq_jessica, uniq_ijyb
D:4:      layout_basic, serial_glass, glass_columns_a, glass_columns_b,
          glass_columns_a, glass_columns_c
D:5:      nicolae_cairo_tiling_large, layout_basic, uniq_grinder, uniq_pikel
D:6:      layout_loops_cross, gammafunk_temple_overflow_arena,
          hangedman_decor_lopped, kennysheep_small_circle, uniq_eustachio,
          uniq_duvessa, uniq_blork_the_orc, uniq_menkaure
D:7:      layout_loops_ring, amcnicky_altar_gilded,
          minmay_temple_entry_offerings, serial_shops, shop,
          nicolae_shop_rolling_square, shop_fountains,
          nicolae_shop_industrial_runoff, nicolae_shop_waterfront
D:8:      layout_cave_pools, nicolae_dithmenos_shadow_blocks, serial_gnoll_camp,
          gnoll_camp_mini_hut, gnoll_camp_huts_basic, gnoll_camp_mini_house,
          gnoll_camp_medium_01, gnoll_camp_mini_hut, hangedman_decor_growths,
          uniq_grum

Skill      XL: |  1  2  3  4  5  6  7  8  9 10 |
---------------+-------------------------------+-----
Long Blades    | 3 4 5 6 8 9 |  9.8
Fighting       | 3 4 5 |  5.6
Dodging        | 6 8 9 |  9.0
Armour         | 1 2 3 4 |  4.1

Action                     |  1- 3 |  4- 6 |  7- 9 | 10-12 || total
---------------------------+-------+-------+-------+-------++-------
  Melee: Falchion          |   111 |    70 |   408 |   182 ||   771
         Punch             |     1 |       |     4 |       ||     5
  Throw: Stone             |     9 |       |     4 |       ||    13
 Invoke: Berserk           |     2 |     2 |    14 |     3 ||    21
         Trog's Hand       |       |     1 |     2 |     1 ||     4
  Evoke: Wand              |       |       |     5 |     3 ||     8
    Use: Scroll            |       |     6 |     3 |       ||     9
         Potion            |       |       |     1 |       ||     1
 Armour: Animal skin       |     8 |     5 |       |       ||    13
         Fire dragon scale |       |     3 |   103 |    25 ||   131
  Dodge: Dodged            |    95 |    61 |   416 |   162 ||   734
  Block: Buckler           |       |       |    25 |    35 ||    60
